 Dungeon Crawl Stone Soup version 0.30-b1-2-g02819fbbbe (webtiles) character file.

Game seed: 10219763183165728741

75 Alarkh the Insei (level 4, 27/35 HPs)
             Began as a Demonspawn Chaos Knight on May 20, 2023.
             Was a Plaything of Xom.
             Got out of the dungeon alive.
             The game lasted 00:02:14 (1399 turns).

Alarkh the Insei (Demonspawn Chaos Knight)          Turns: 1399, Time: 00:02:14

Health: 27/35      AC:  5    Str: 12    XL:     4   Next: 11%
Magic:  4/4        EV: 11    Int: 16    God:    Xom [.*....]
Gold:   50         SH:  0    Dex: 12    Spells: 3/3 levels left

rFire   . .          .
                       - Unarmed
rCold   . . .        (no shield)
rNeg    . . .        a - +2 leather armour
rPois   .            (helmet restricted)
rElec   .            (no cloak)
rCorr   .            (no gloves)
SInv    .            (no boots)
Will    .....        (no amulet)
Stlth   +            (no ring)
HPRegen 0.25/turn    (no ring)
MPRegen 0.18/turn

%: no passive effects
@: no status effects
A: antennae 1, magic regeneration, inhibited regeneration, wild magic 1,
MP-powered wands
a: Renounce Religion


You escaped.
You worshipped Xom.
You were a plaything of Xom.
You visited 1 branch of the dungeon, and saw 2 of its levels.

You collected 50 gold pieces.

Inventory:

Armour
 a - a +2 leather armour (worn)
Jewellery
 f - a ring of fire
Scrolls
 c - a scroll of blinking {unknown}
 d - a scroll of enchant armour {unknown}
 e - a scroll of magic mapping
 i - 2 scrolls of teleportation {unknown}
 r - a scroll of identify
Potions
 h - a potion of degeneration
 k - a potion of haste
Miscellaneous
 b - a piece from Xom's chessboard (15/15) (quivered)


   Skills:
 + Level 3.3 Fighting
 - Level 1.7 Armour
 - Level 0.8 Dodging
 * Level 4.3 Unarmed Combat


You had 3 spell levels left.
You didn't know any spells.
Your spell library contained the following spells:

 Spells                   Type           Power      Damage    Failure   Level
 Summon Guardian Golem    Hex/Summ       0%         N/A       75%         3
 Orb of Destruction       Conj           0%         9d5       100%        7
 Spellforged Servitor     Conj/Summ      0%         N/A       100%        7


Dungeon Overview and Level Annotations

Branches:
Dungeon (2/15)

Altars:
Xom


Innate Abilities, Weirdness & Mutations

You have a pair of small antennae on your head.
You regenerate magic rapidly.
You do not regenerate when monsters are visible.
Your spells are a little harder to cast, but a little more powerful.
You expend magic power (3 MP) to strengthen your wands.


Message History

You are too injured to fight recklessly!
You closely miss the adder.
The adder is severely wounded.
The adder bites you. The kobold barely misses you.
You hit the adder.
You kill the adder!
The kobold hits you but does no damage.
You have reached level 4!
You feel clever.
Your demonic ancestry asserts itself...
Your mutations feel more permanent.
You barely miss the kobold. The kobold hits you but does no damage.
You hit the kobold.
You kill the kobold!
You punch the jackal!
You kill the jackal!
You are too injured to fight recklessly!
You are too injured to fight recklessly!
You are too injured to fight recklessly!
You are too injured to fight recklessly!
You are too injured to fight recklessly!
You are too injured to fight recklessly!
You hit the rat.
You kill the rat!
Things that are here:
a +0 short sword; a jackal corpse
(D) Dungeon
Where to? (Enter - D:2, ? - help)
You see here a jackal corpse.
Found a stone staircase leading up.
There is a stone staircase leading up here.
You climb upwards.
There is a stone staircase leading down here.
Unknown command.
You see here a +0 leather armour.
There is a large open door here.
There is a large open door here.
There is an open door here.
There is a staircase leading out of the dungeon here.
Are you sure you want to leave the Dungeon?
This will make you lose the game!
You have escaped!

#...'....~♣~~~~...P# #
#...#.P..P~♣~~~~♣.♣# #####
#...#.#....♣.♣~~...♣ ....#
#...#.###P...♣.....♣ ....#
###...#..###♣..P..P###
~...#####...####........####
♣♣.....##.### ##########
~♣........# ######
~♣♣.....#####.'.@# ♣♣♣....##
#...#..# ♣♣♣....#####''####
~♣♣....##⌠≈#...#
~♣♣....##.≈#.♣.#♣♣♣
~♣.....##.≈#...#♣⌠♣
~......##..##''#♣.♣#
........#..........#
........#.########.##


There were no monsters in sight!

Vanquished Creatures
  3 adders (D:2)
  A worm (D:2)
  A dart slug (D:1)
  4 endoplasms
  A giant cockroach (D:1)
  3 goblins (D:1)
  6 hobgoblins
  2 jackals (D:2)
  4 quokkas
  A ball python (D:1)
  7 bats
  A frilled lizard (D:2)
  2 kobolds (D:2)
  6 rats
42 creatures vanquished.

Notes
Turn   | Place    | Note
-------+----------+-------------------------------------------
     0 | D:1      | Alarkh the Demonspawn Chaos Knight began the quest for the
                  | Orb.
     0 | D:1      | Reached XP level 1. HP: 18/18 MP: 1/1
    44 | D:1      | XOM: silly message
   115 | D:1      | Reached skill level 3 in Unarmed Combat
   123 | D:1      | Gained mutation: You regenerate magic rapidly. [demonic
                  | ancestry]
   123 | D:1      | Reached XP level 2. HP: 20/24 MP: 2/2
   257 | D:1      | XOM: scenery: create altars
   270 | D:1      | XOM: summons 1 hostile shadow creature
   354 | D:1      | XOM: torment (13/24 hp)
   591 | D:1      | XOM: 1-stop teleportation journey
   788 | D:1      | Reached XP level 3. HP: 26/29 MP: 3/3
   807 | D:1      | XOM: give mutations
   807 | D:1      | Gained mutation: Your spells are a little harder to cast,
                  | but a little more powerful. [Xom's mischief]
   807 | D:1      | Gained mutation: You expend magic power (3 MP) to
                  | strengthen your wands. [Xom's mischief]
   807 | D:1      | Gained mutation: You do not regenerate when monsters are
                  | visible. [Xom's mischief]
   807 | D:1      | Gained mutation: You have a pair of small antennae on your
                  | head. [Xom's mischief]
   949 | D:1      | XOM is BORED!
  1041 | D:2      | XOM: confuse monster(s)
  1058 | D:2      | Reached skill level 4 in Unarmed Combat
  1355 | D:2      | Mutation became permanent: You have a pair of small
                  | antennae on your head. [demonic ancestry]
  1355 | D:2      | Gained mutation: You have a pair of small antennae on your
                  | head. [demonic ancestry]
  1355 | D:2      | Reached XP level 4. HP: 16/35 MP: 4/4
  1399 | D:$      | Got out of the dungeon alive.

Illustrated notes

Levels and vault maps discovered:
D:1:      sevenhm_arrival_forest_fort_small_3, layout_basic, serial_bayou,
          serial_bayou_lagoon_b, serial_bayou_pond_a, serial_bayou_ford_a,
          serial_bayou_shore_a
D:2:      layout_loops_ring

Skill      XL: |  1  2  3 |
---------------+----------+-----
Unarmed Combat | 3 4 |  4.3
Fighting       | |  3.3
Armour         | |  1.7
Dodging        | |  0.8

Action                     |  1- 3 |  4- 6 || total
---------------------------+-------+-------++-------
  Melee: Unarmed           |   201 |     4 ||   205
         Punch             |     4 |       ||     4
    Use: Scroll            |     2 |       ||     2
         Potion            |     1 |       ||     1
   Stab: Sleeping          |     1 |       ||     1
 Armour: Leather armour    |   114 |     1 ||   115
         Skin              |     3 |       ||     3
  Dodge: Dodged            |   182 |       ||   182
